 Dungeon Crawl Stone Soup version bcrawl-1.12-11-gb93c957c58 (webtiles) character file.

Game seed: 5801183731045680756

102 Banto the Cudgeler (level 4, -2/37 HPs)
             Began as a Sand Dwarf Skald on June 26, 2019.
             Slain by an adder (3 damage)
             ... on level 3 of the Dungeon.
             The game lasted 00:02:10 (2154 turns).

Banto the Cudgeler (Sand Dwarf Skald)               Turns: 2154, Time: 00:02:10

Health: -2/37      AC:  4    Str: 15    XL:     4   Next: 78%
Magic:  7/7        EV: 13    Int: 15    God:
Gold:   114        SH:  0    Dex: 10    Spells: 6/7 levels left

rFire    . . .     SeeInvis .   a - +1 mace
rCold    . . .     Gourm    .   (shield restricted)
rNeg     . . .     Faith    .   b - +1 leather armour
rPois    .         Spirit   .   (no helmet)
rElec    .         Reflect  .   (no cloak)
rCorr    .         Harm     .   (no gloves)
MR       .....                  (no boots)
Stlth    +.........             (no amulet)
HPRegen  0.12/turn              (no ring)
MPRegen  0.10/turn              (no ring)

@: lethally poisoned (-2 -> -3), slow
A: small, slowness 1, armour attunement
a: no special abilities


You were on level 3 of the Dungeon.
You were not hungry.

You visited 1 branch of the dungeon, and saw 3 of its levels.

You collected 114 gold pieces.

Inventory:

Hand Weapons
 a - a +1 mace (weapon)
 e - a +0 blowgun
Missiles
 i - 137 poisoned needles
Armour
 b - a +1 leather armour (worn)
Scrolls
 d - a scroll of fear
 j - a scroll of enchant armour
Potions
 g - a potion of heal wounds
 h - a potion of invisibility {unknown}
 k - a potion of flight {unknown}
Comestibles
 c - 6 chunks of flesh
 f - 4 rations {!d}


   Skills:
 - Level 2.4 Fighting
 + Level 5.3 Maces & Flails
 - Level 1.2 Armour
 - Level 1.5 Dodging
 - Level 2.0 Spellcasting
 + Level 4.3 Charms


You had 6 spell levels left.
You knew the following spells:

 Your Spells              Type           Power        Failure   Level  Hunger
a - Infusion              Chrm           ##......     3%          1    #......

Your spell library contained the following spells:

 Spells                   Type           Power        Failure   Level  Hunger
 Song of Slaying          Chrm           ##......     6%          2    ###....
 Ozocubu's Armour         Chrm/Ice       #.......     28%         3    ###....
 Regeneration             Chrm/Necr      #.........   28%         3    ###....
 Spectral Weapon          Hex/Chrm       #.......     28%         3    ###....


Dungeon Overview and Level Annotations

Branches:
Dungeon (3/12)

Altars:

Portals:
Sewer: D:3

Annotations:
D:2 Sigmund


Innate Abilities, Weirdness & Mutations

You are small and have problems with some larger weapons.
You cover ground slowly.
Armour does not affect your spellcasting.


Message History

* * * LOW HITPOINT WARNING * * *
You are poisoned.
The adder poisons you!
You closely miss the adder.
The adder is moderately wounded.
You feel sick. The adder misses you. The adder bites you.
* * * LOW HITPOINT WARNING * * *
You barely miss the adder.
The adder is moderately wounded.
The adder misses you. The adder closely misses you.
You barely miss the adder.
The adder is moderately wounded.
The adder bites you.
* * * LOW HITPOINT WARNING * * *
You miss the adder.
The adder is moderately wounded.
You feel sick. The adder bites you.
* * * LOW HITPOINT WARNING * * *
The adder bites you.
You die...

... ...
....##.###
#........#
#...# #)#
#.... #.#
#..%. #÷###
#....##...#
...#....@#.#
#.....S##...
##..........#
#..........#
#...≈≈≈.S.##
#..≈≈≈≈≈..#
#...≈≈∩≈≈..#
#...≈≈≈≈≈.(#
#....≈≈≈)..#


You could see an adder.

Vanquished Creatures
  3 adders
  An ooze (D:2)
  2 worms (D:2)
  2 leopard geckos
  A ball python (D:2)
  2 giant cockroaches (D:1)
  3 hobgoblins
  12 jackals
  9 kobolds
  2 quokkas
  7 bats
  A frilled lizard (D:2)
  7 goblins
  5 rats
57 creatures vanquished.

Notes
Turn   | Place    | Note
-------+----------+-------------------------------------------
     0 | D:1      | Banto the Sand Dwarf Skald began the quest for the Orb.
     0 | D:1      | Reached XP level 1. HP: 18/18 MP: 3/3
    36 | D:1      | Reached XP level 2. HP: 9/25 MP: 3/5
   451 | D:1      | Reached skill level 4 in Maces & Flails
   471 | D:1      | Reached XP level 3. HP: 19/30 MP: 2/6
  1275 | D:2      | Reached XP level 4. HP: 16/37 MP: 7/7
  1613 | D:2      | Reached skill level 5 in Maces & Flails
  2038 | D:2      | Noticed Sigmund
  2048 | D:3      | Found a glowing drain.
  2154 | D:3      | HP: 1/37 [adder (3)]
  2154 | D:3      | Slain by an adder

Skill      XL: |  1  2  3  4 |
---------------+-------------+-----
Maces & Flails | 4 5 |  5.3
Charms         | 4 |  4.3
Fighting       | |  2.4
Armour         | |  1.2
Dodging        | |  1.5
Spellcasting   | |  2.0

Action                   |  1- 3 |  4- 6 || total
-------------------------+-------+-------++-------
Melee: Mace              |   150 |    67 ||   217
 Cast: Infusion          |     4 |       ||     4
  Use: Scroll            |     3 |     4 ||     7
  Eat: Chunk             |     2 |     3 ||     5
Armor: Leather armour    |    41 |    25 ||    66
Dodge: Dodged            |   117 |    58 ||   175
